 Dungeon Crawl Stone Soup version 0.27.1 (webtiles) character file.

Game seed: 5698058432817692098

511 nxtlvl the Ducker (level 6, -3/32 HPs)
             Began as a Spriggan Monk on Aug 28, 2021.
             Killed by divine providence
             ... invoked by an orc priest
              (12 damage)
             ... on level 7 of the Dungeon.
             The game lasted 00:30:35 (2656 turns).

nxtlvl the Ducker (Spriggan Monk)                   Turns: 2656, Time: 00:30:36

Health: -3/32      AC:  4    Str:  7    XL:     6   Next: 99%
Magic:  7/7        EV: 21    Int: 11    God:
Gold:   301        SH:  0    Dex: 20    Spells: 5/5 levels left

rFire    x . .     SeeInvis +     - Unarmed
rCold    + . .     Faith    .   (shield restricted)
rNeg     . . .     Spirit   .   c - +1 robe of the Okapi {rF- rC+ Will+ Stlth+}
rPois    .         Reflect  .   d - +1 hat
rElec    .         Harm     .   (no cloak)
rCorr    .         Rampage  .   (gloves unavailable)
Will     ++...                  (boots unavailable)
Stlth    ++++......             (no amulet)
HPRegen  0.10/turn              (no ring)
MPRegen  0.10/turn              (no ring)

@: hasted, very quick
A: very small, no large weapons, unfitting armour, see invisible, speed 3
a: no special abilities


You were on level 7 of the Dungeon.
You visited 1 branch of the dungeon, and saw 7 of its levels.

You collected 301 gold pieces.

Inventory:

Hand Weapons
 b - a +1 short sword of venom
Missiles
 e - 33 sling bullets
 l - 10 poisoned darts (quivered)
 q - a throwing net
Armour
 c - the +1 robe of the Okapi (worn) {rF- rC+ Will+ Stlth+}
   (You found it on level 5 of the Dungeon)

   rF:        It makes you vulnerable to fire.
   rC:        It protects you from cold.
   Will:      It increases your willpower.
   Stlth:     It makes you more stealthy.
 d - a +1 hat (worn)
Magical Staves
 n - a staff of conjuration
Wands
 f - a wand of acid (4)
 t - a wand of flame (3)
 u - a wand of digging (2)
Scrolls
 g - 2 scrolls of teleportation
 h - a scroll of fog
 j - a scroll of enchant weapon {unknown}
 o - a scroll of amnesia {unknown}
 p - 2 scrolls of noise {unknown}
 s - a scroll of vulnerability {unknown}
Potions
 a - a potion of lignification
 i - a potion of curing
 k - a potion of magic
 m - a potion of mutation


   Skills:
 - Level 2.4 Fighting
 + Level 6.1 Dodging
 - Level 3.0 Stealth
 * Level 5.9 Unarmed Combat


You had 5 spell levels left.
You didn't know any spells.
Your spell library contained the following spells:

 Spells                   Type           Power      Damage    Failure   Level
 Foxfire                  Conj/Fire      0%         2x1d4     34%         1
 Conjure Flame            Conj/Fire      0%         6-21      71%         3
 Inner Flame              Hex/Fire       0%         N/A       71%         3


Dungeon Overview and Level Annotations

Branches:
Dungeon (7/15)
 Temple: D:4-7

Altars:
Ashenzari
Nemelex Xobeh
Ru
Vehumet

Shops:
D:6 !

Annotations:
D:5 Grinder
D:6 Blork the orc


Innate Abilities, Weirdness & Mutations

You are very small and have problems with some larger weapons.
You are too small for most types of armour.
You have supernaturally acute eyesight. (SInv)
You cover ground extremely quickly. (Speed+++)


Message History

Out of range.
Okay, then.
Aiming: Throw Flame
Press: ? - help, Shift-Dir - straight line, f/p - orc warrior
Aim: an orc warrior, wielding a +1 mace of protection and wearing a +0 plate armour (severely wounded, 68% to hit)
The puff of flame hits the orc warrior but does no damage.
The orc warrior is severely wounded.
Aiming: Corrosive Bolt
Press: ? - help, Shift-Dir - straight line, f/p - orc warrior
Aim: an orc warrior, wielding a +1 mace of protection and wearing a +0 plate armour (severely wounded, 71% to hit)
Okay, then.
Aiming: Throw Flame
Press: ? - help, Shift-Dir - straight line, f/p - orc warrior
Aim: an orc warrior, wielding a +1 mace of protection and wearing a +0 plate armour (severely wounded, 68% to hit)
The puff of flame hits the orc warrior.
The orc warrior is almost dead.
Aiming: Corrosive Bolt
Press: ? - help, Shift-Dir - straight line, f - orc priest, p - orc warrior
Aim: an orc priest, wielding a +0 mace (71% to hit)
The bolt of acid hits the orc warrior but does no damage.
The orc warrior is almost dead.
The bolt of acid hits the orc priest!
The orc priest is splashed with acid.
The acid corrodes the orc priest!
The orc priest is almost dead.
The orc priest invokes the aid of Beogh against you.
Beogh smites you!
You hit the orc warrior but do no damage.
The orc warrior is almost dead.
The orc warrior misses you.
Unknown command.
You hit the orc warrior but do no damage.
The orc warrior is almost dead.
The orc priest invokes the aid of Beogh against you.
Beogh smites you!
* * * LOW HITPOINT WARNING * * *
The orc warrior misses you.
It was a potion of haste.
You feel yourself speed up.
The orc priest calls down the wrath of Beogh upon you.
Beogh smites you!
You die...

+......#
#......+
#.>....#
#...$.o#
#......##
#.......#
#.......#
#.......#
#.....@o#
####.....#
#.....#
#.....#
#..$..#
#.....#
#######


You could see an orc warrior and an orc priest (corroded).

Vanquished Creatures
  An ogre (D:5)
  A bullfrog (D:6)
  A scorpion (D:4)
  A bullfrog zombie (D:5)
  A hound (D:6)
  A bullfrog skeleton (D:4)
  2 orc priests
  An orc wizard (D:6)
  An iguana (D:4)
  Ijyb (D:4)
  2 gnolls (D:6)
  An adder (D:4)
  An adder skeleton (D:4)
  2 dart slugs
  10 orcs
  2 bats
  3 endoplasms
  2 giant cockroaches
  3 goblins
  3 hobgoblins
  5 kobolds
  A quokka (D:3)
  4 ball pythons
  2 frilled lizards (D:3)
  A rat (D:1)
53 creatures vanquished.

Notes
Turn   | Place    | Note
-------+----------+-------------------------------------------
     0 | D:1      | nxtlvl the Spriggan Monk began the quest for the Orb.
     0 | D:1      | Reached XP level 1. HP: 11/11 MP: 2/2
   136 | D:1      | Found a faded altar of an unknown god.
   209 | D:1      | Reached XP level 2. HP: 6/16 MP: 3/3
   686 | D:4      | Noticed Ijyb
   862 | D:4      | Reached XP level 3. HP: 8/19 MP: 4/4
  1102 | D:4      | Killed Ijyb
  1155 | D:4      | Noticed a scorpion
  1170 | D:4      | Reached XP level 4. HP: 14/23 MP: 5/5
  1407 | D:4      | Killed a scorpion
  1408 | D:4      | Reached XP level 5. HP: 9/27 MP: 6/6
  1528 | D:4      | Found a sacrificial altar of Ru.
  1578 | D:5      | Entered Level 5 of the Dungeon
  1578 | D:5      | Noticed an ogre
  1630 | D:5      | Noticed Grinder
  1688 | D:5      | Found a sparkling altar of Nemelex Xobeh.
  1861 | D:5      | Killed an ogre
  1862 | D:5      | Reached skill level 5 in Dodging
  1862 | D:5      | Reached skill level 5 in Unarmed Combat
  1862 | D:5      | Reached XP level 6. HP: 32/32 MP: 7/7
  1942 | D:5      | Identified the +1 robe of the Okapi {rF- rC+ Will+ Stlth+}
  1991 | D:6      | Noticed a water moccasin
  2023 | D:6      | Found Wiufanal's Distillery.
  2108 | D:6      | Noticed Blork the orc
  2347 | D:6      | Found a broken altar of Ashenzari.
  2417 | D:6      | Found a radiant altar of Vehumet.
  2440 | D:6      | Reached skill level 6 in Dodging
  2497 | D:6      | Noticed a water moccasin
  2615 | D:7      | Noticed an orc warrior
  2656 | D:7      | Killed from afar by an orc priest

Illustrated notes

Levels and vault maps discovered:
D:1:      amcnicky_arrival_flooded_fountain, layout_loops_cross,
          hellmonk_ecumenical_altar_inner_sanctum, grunt_decor_cap
D:2:      layout_loops_ring, feat_on_display
D:3:      layout_basic
D:4:      layout_rooms, mainiacjoe_overflow_catwalk,
          chequers_serial_rivers_small_3, grunt_decor_mini_mirrors, uniq_ijyb
D:5:      layout_rooms, mainiacjoe_overflow_cross_hatched, uniq_grinder
D:6:      layout_basic, vehumet_altar_wand_db, kennysheep_mini, serial_shops,
          kennysheep_little_box, kennysheep_mini_moat, uniq_sigmund,
          uniq_blork_the_orc, uniq_edmund
D:7:      layout_gridville, grunt_temple_overflow_order_and_chaos_1,
          old_standard_altar, nicolae_kikubaaqudgha_miasma_corner,
          trog_hazing_becter, minmay_temple_entry_arrows

Skill      XL: |  1  2  3  4  5  6 |
---------------+-------------------+-----
Unarmed Combat | 3 4 5 |  5.9
Dodging        | 5 6 |  6.1
Fighting       | |  2.4
Stealth        | |  3.0

Action                   |  1- 3 |  4- 6 || total
-------------------------+-------+-------++-------
Melee: Unarmed           |    85 |    82 ||   167
       Punch             |     1 |     2 ||     3
Throw: Dart              |    26 |    28 ||    54
Evoke: Wand              |       |    18 ||    18
  Use: Scroll            |     6 |     2 ||     8
       Potion            |       |     3 ||     3
 Stab: Sleeping          |     8 |     3 ||    11
Armor: Robe              |     3 |     8 ||    11
Dodge: Dodged            |    48 |    53 ||   101
